Map: Cyber Forest LE

Players

Cham

  • Race: Zerg Zerg
  • League: Master
  • Spawn Location: 11:00

Neeb - Winner!

  • Race: Protoss Protoss
  • League: Master
  • Spawn Location: 5:00

Event: 2019 WCS Winter Americas

VOD

Have the link to the VOD?

Description

Time

  • Played on: March 24, 2019, 11:56 a.m.
  • Length: 7:24

All games in this series

Show
View Real Time Build Order
Export as new Build Order

Cham Zerg 

Build Orders: Pool First 

Get SALT Encoding   

  12  0:01  Drone  
  13  0:08  Drone  
  14  0:18  Overlord  
  14  0:36  Drone  
  14  0:37  Drone  
  14  0:41  Extractor  
  15  0:43  Spawning Pool  
  15  0:47  Drone  
  15  0:52  Drone  
  16  0:59  Drone  
  17  1:23  Hatchery  
  16  1:25  Drone  
  16  1:31  Zergling x2  
  18  1:37  Zergling x2  
  19  1:42  Zergling x2  
  19  1:45  Metabolic Boost  
  20  1:56  Queen  
  22  2:02  Overlord  
  22  2:21  Drone x2  
  24  2:24  Drone  
  25  2:35  Queen, Drone  
  28  2:39  Drone  
  29  2:49  Hatchery  
  28  2:54  Drone x2  
  28  2:57  Drone  
  31  3:02  Overlord  
  31  3:10  Drone x3  
  33  3:16  Spore Crawler  
  33  3:19  Drone  
  33  3:21  Drone  
  33  3:26  Spore Crawler  
  33  3:32  Drone x3  
  36  3:38  Queen  
  38  3:44  Drone x2  
  40  3:51  Spore Crawler  
  40  3:52  Drone  
  40  3:53  Drone  
  41  3:58  Overlord  
  41  4:02  Drone  
  41  4:04  Drone x3  
  44  4:19  Queen, Roach Warren  
  44  4:21  Extractor  
  44  4:22  Overlord, Extractor  
  43  4:24  Drone  
  43  4:25  Drone  
  45  4:31  Drone  
  45  4:32  Drone x3  
  45  4:37  Overlord  
  49  4:41  Drone x3  
  49  4:44  Overlord  
  51  4:48  Overlord  
  49  5:00  Roach  
  49  5:01  Roach x2  
  49  5:02  Roach  
  49  5:05  Roach  
  49  5:06  Roach  
  59  5:07  Roach  
  59  5:12  Roach  
  58  5:18  Roach  
  58  5:23  Roach  
  58  5:29  Roach  
  58  5:32  Zergling x2  
  58  5:34  Zergling x2  
  62  5:37  Zergling x4  
  62  5:39  Zergling x2  
  63  5:43  Zergling x2  
  63  5:44  Zergling x2  
  63  5:46  Zergling x2  
  63  5:47  Overlord  
  66  5:52  Overlord  
  66  5:56  Overlord  
  66  5:59  Overlord  
  65  6:08  Overlord  
  65  6:13  Ravager  
  65  6:14  Ravager x5  
  65  6:15  Zergling x6  
  65  6:16  Ravager  
  75  6:19  Zergling x4  
  75  6:23  Zergling x4  
  79  6:27  Zergling x4  
  75  6:39  Zergling x10  
Show
View Real Time Build Order
Export as new Build Order

Neeb Protoss - Winner!

Build Orders: 1 Gate Expand, Oracle Opening, Phoenix Opening 

Get SALT Encoding   

  12  0:00  Probe  
  13  0:12  Probe  
  14  0:19  Pylon  
  14  0:24  Probe  
  15  0:34  Probe  
  15  0:42  Probe  
  16  0:43  Gateway  
  17  0:50  Assimilator  
  17  0:51  Probe  
  18  1:03  Probe  
  19  1:15  Probe  
  20  1:30  Cybernetics Core  
  20  1:35  Nexus  
  20  1:39  Probe  
  21  1:45  Pylon  
  21  1:51  Assimilator  
  21  1:53  Probe  
  22  1:56  Adept  
  22  2:05  Probe  
  25  2:17  Probe  
  25  2:20  Adept  
  26  2:27  Stargate  
  26  2:29  Probe  
  29  2:41  Warp Gate, Probe  
  30  2:48  Probe  
  30  2:49  Adept  
  33  2:53  Probe  
  34  3:00  Probe  
  34  3:02  Oracle  
  34  3:05  Probe  
  36  3:12  Probe  
  40  3:17  Probe  
  39  3:24  Probe, Gateway  
  39  3:25  Gateway  
  40  3:28  Pylon  
  40  3:29  Probe  
  40  3:31  Phoenix  
  41  3:34  Pylon  
  41  3:36  Probe  
  44  3:41  Probe  
  44  3:48  Probe  
  46  3:49  Adept  
  46  3:54  Oracle, Probe  
  49  4:00  Pylon  
  49  4:05  Probe  
  49  4:06  Probe  
  54  4:17  Probe  
  54  4:18  Probe  
  54  4:20  Assimilator  
  54  4:21  Assimilator  
  54  4:22  Pylon  
  56  4:29  Adept x3  
  56  4:30  Probe x2  
  64  4:38  Robotics Facility  
  64  4:41  Pylon  
  64  4:42  Probe  
  65  4:48  Probe  
  66  4:54  Probe  
  67  5:01  Probe  
  67  5:02  Adept  
  70  5:12  Probe  
  71  5:16  Probe  
  71  5:18  Twilight Council  
  71  5:20  Immortal, Pylon  
  70  5:44  Nexus  
  70  5:46  Pylon  
  70  5:47  Immortal  
  70  5:49  Gateway  
  70  5:51  Gateway  
  70  5:53  Gateway  
  70  5:56  Sentry x3  
  76  6:02  Pylon  
  76  6:03  Pylon  
  80  6:10  Oracle  
  80  6:18  Shield Battery  
  80  6:21  Immortal, Shield Battery  
  80  6:22  Pylon  
  80  6:23  Stalker  
  89  6:34  Stalker x2  
  83  6:41  Probe x2  
Tags
 
Add a new tag
Caveats
  • Supply blocks, unpowered buildings, or Contaminate may cause inaccurate times.
  • Supply counts are checked every 10 seconds.